Map: Ever Dream LE

Players

HeroMarine

  • Race: Terran Terran
  • League: Master
  • Spawn Location: 1:00

SKillous - Winner!

  • Race: Protoss Protoss
  • League: Grandmaster
  • Spawn Location: 7:00

Event: DreamHack SC2 Masters 2020 Fall

VOD

Have the link to the VOD?

Description

Time

  • Played on: Sept. 10, 2020, 2:04 p.m.
  • Length: 9:01

All games in this series

Show
View Real Time Build Order
Export as new Build Order

HeroMarine Terran 

Build Orders: Reaper Expand 

Get SALT Encoding   

  12  0:00  SCV  
  13  0:12  SCV  
  14  0:17  Supply Depot  
  14  0:24  SCV  
  15  0:39  SCV  
  15  0:41  Barracks  
  16  0:43  Refinery  
  16  0:51  SCV  
  17  1:03  SCV  
  18  1:15  SCV  
  19  1:27  Orbital Command, Reaper  
  20  1:45  Command Center  
  20  1:49  Supply Depot  
  20  1:53  SCV  
  21  2:00  Barracks Tech Lab  
  21  2:05  SCV  
  22  2:14  Barracks  
  22  2:17  SCV  
  22  2:18  Marauder  
  22  2:20  Concussive Shells  
  25  2:29  SCV  
  26  2:33  Refinery  
  26  2:40  Marauder  
  26  2:41  SCV  
  29  2:53  SCV  
  29  2:58  Orbital Command  
  30  3:02  Barracks Reactor  
  30  3:04  Marine  
  31  3:06  SCV  
  31  3:10  Stimpack  
  32  3:18  SCV  
  32  3:22  Factory, Marine  
  32  3:24  SCV  
  34  3:27  Supply Depot  
  34  3:30  SCV  
  35  3:36  SCV  
  35  3:39  Engineering Bay, Marine x2  
  35  3:40  Marine  
  39  3:42  SCV  
  39  3:48  SCV  
  39  3:54  SCV  
  41  3:57  Marine x3  
  41  4:00  SCV  
  40  4:05  Starport, Factory Reactor  
  40  4:06  SCV  
  40  4:09  Terran Infantry Weapons Level 1  
  41  4:12  SCV  
  41  4:15  Marine x2  
  45  4:18  SCV, Marauder  
  47  4:25  SCV, Supply Depot x2  
  47  4:30  SCV  
  49  4:33  Marine x2  
  49  4:37  SCV  
  52  4:39  Marauder  
  52  4:43  SCV  
  54  4:47  Medivac, Widow Mine  
  54  4:49  SCV  
  54  4:51  Marine x2  
  61  4:55  Refinery, SCV  
  61  4:58  Combat Shield, Supply Depot  
  62  5:00  Missile Turret  
  62  5:01  SCV  
  62  5:02  Marine  
  62  5:03  Missile Turret  
  62  5:04  Widow Mine  
  65  5:07  SCV  
  65  5:10  Marine x2  
  65  5:13  SCV  
  67  5:20  Marine  
  67  5:21  SCV  
  69  5:25  SCV  
  69  5:27  Barracks, Marine  
  69  5:28  Marine  
  72  5:31  Factory Tech Lab  
  72  5:33  SCV  
  72  5:37  SCV  
  72  5:40  Refinery  
  74  5:43  Marauder  
  74  5:45  Marine x2  
  74  5:46  Supply Depot  
  74  5:49  Starport Reactor  
  78  5:55  Supply Depot  
  78  5:56  Siege Tank  
  80  5:57  SCV x2  
  80  6:03  Marine x2  
  84  6:05  Marauder  
  86  6:17  Terran Infantry Armor Level 1  
  86  6:22  Command Center  
  83  6:26  Marauder, Marine  
  83  6:27  Marine  
  83  6:28  Siege Tank, Marine x2  
  83  6:29  Medivac  
  83  6:31  Medivac  
  88  6:35  SCV x2  
  85  6:44  Marine x2  
  85  6:46  Marine  
  80  6:47  Marauder  
  80  6:50  SCV x2  
  80  6:52  Marine  
  71  7:02  Marine x2  
  71  7:04  Medivac x2, Marine  
  78  7:08  Marine  
  78  7:09  Marine  
  78  7:14  SCV x2  
  82  7:16  Siege Tank  
  82  7:20  Marine x2  
  82  7:21  Marine  
  82  7:22  Supply Depot  
  88  7:25  Supply Depot  
  88  7:27  Marauder, Marine  
  89  7:38  Marine x2  
  89  7:39  Marine  
  92  7:45  Marine  
  92  7:47  Marine  
  92  7:48  Siege Tank  
  97  7:53  Medivac  
  97  7:56  Marine x2  
  97  7:57  Marine  
  101  7:58  Medivac  
  101  8:03  Marine  
  104  8:05  Marine  
  105  8:13  Marine x2  
  105  8:15  Marine  
  87  8:21  Marine  
  87  8:22  SCV x2  
  87  8:23  Marine  
  75  8:31  Marine x2  
  75  8:33  Marine  
  76  8:34  SCV x2  
  73  8:38  Marine  
  73  8:41  Marine  
Show
View Real Time Build Order
Export as new Build Order

SKillous Protoss - Winner!

Build Orders: 1 Gate Expand, Phoenix Opening, Zealot Archon 

Get SALT Encoding   

  12  0:00  Probe  
  13  0:12  Probe  
  14  0:17  Pylon  
  14  0:24  Probe (Chrono Boost)  
  15  0:36  Probe (Chrono Boost)  
  15  0:38  Gateway  
  16  0:44  Probe (Chrono Boost)  
  16  0:48  Assimilator  
  17  0:50  Probe  
  18  1:02  Probe  
  19  1:15  Probe  
  20  1:25  Cybernetics Core  
  20  1:33  Nexus  
  20  1:36  Probe  
  21  1:42  Pylon  
  21  1:50  Assimilator, Probe  
  22  1:59  Adept (Chrono Boost)  
  22  2:03  Probe  
  25  2:15  Probe  
  26  2:19  Stargate  
  26  2:27  Probe (Chrono Boost)  
  26  2:29  Stalker  
  29  2:37  Warp Gate  
  29  2:39  Probe (Chrono Boost)  
  30  2:47  Probe (Chrono Boost)  
  30  2:48  Probe (Chrono Boost)  
  32  2:54  Probe (Chrono Boost)  
  32  2:56  Probe (Chrono Boost)  
  34  2:59  Probe (Chrono Boost)  
  35  3:05  Probe  
  35  3:07  Phoenix (Chrono Boost)  
  35  3:11  Probe  
  39  3:17  Probe  
  40  3:24  Phoenix (Chrono Boost), Probe  
  43  3:30  Nexus  
  43  3:31  Probe  
  44  3:35  Pylon  
  44  3:36  Probe  
  45  3:43  Probe  
  45  3:48  Probe  
  46  3:55  Probe  
  46  3:58  Phoenix (Chrono Boost)  
  46  4:00  Probe  
  47  4:07  Probe  
  47  4:09  Gateway  
  48  4:12  Gateway, Probe  
  48  4:14  Phoenix (Chrono Boost)  
  51  4:19  Probe  
  51  4:22  Twilight Council  
  52  4:24  Probe, Pylon  
  53  4:31  Probe  
  53  4:36  Shield Battery  
  54  4:41  Probe  
  54  4:43  Probe  
  54  4:45  Probe  
  59  4:50  Charge (Chrono Boost)  
  59  4:53  Probe  
  59  4:54  Stalker  
  59  4:55  Probe  
  59  4:57  Probe  
  59  4:58  Gateway  
  62  5:00  Gateway  
  62  5:01  Gateway  
  62  5:06  Probe  
  63  5:07  Probe  
  63  5:11  Zealot, Sentry  
  63  5:13  Probe  
  69  5:15  Pylon  
  69  5:18  Probe  
  69  5:20  Gateway  
  69  5:21  Gateway, Probe  
  71  5:24  Pylon  
  71  5:25  Probe  
  72  5:34  Probe  
  72  5:35  Zealot x3  
  79  5:37  Assimilator  
  79  5:44  Phoenix  
  79  5:45  Pylon  
  79  5:48  Pylon  
  79  5:49  Pylon  
  81  5:56  Zealot x6  
  93  6:07  Pylon  
  93  6:08  Probe, Pylon  
  94  6:17  Zealot x7  
  104  6:28  Probe  
  105  6:33  Zealot  
  105  6:37  Zealot x7  
  121  6:42  Probe  
  106  7:00  Probe  
  101  7:05  Zealot x8  
  117  7:09  Templar Archives  
  117  7:12  Probe  
  117  7:14  Forge, Nexus  
  116  7:16  Pylon  
  116  7:25  Sentry x2  
  120  7:35  Zealot  
  120  7:36  Zealot x4  
  128  7:39  Shield Battery  
  128  7:40  Shield Battery  
  128  7:43  Shield Battery  
  128  7:46  Zealot, High Templar x2, Shield Battery  
  128  7:50  Archon  
  132  7:57  High Templar x2  
  136  7:59  Zealot x2  
  136  8:02  Archon  
  136  8:05  Pylon  
  140  8:07  Pylon  
  140  8:08  Pylon  
  140  8:16  Zealot  
  140  8:17  Zealot x2  
  132  8:24  Zealot x3  
  106  8:29  Zealot  

Tags
 
Add a new tag
Caveats
  • Supply blocks, unpowered buildings, or Contaminate may cause inaccurate times.
  • Supply counts are checked every 10 seconds.